Map: Ley Lines

Players

Fairespiter

  • Race: Protoss Protoss
  • League: Master
  • Spawn Location: 1:00

IA (Muy fácil) 2 - Winner!

  • Race: Zerg Zerg
  • Spawn Location: 7:00

VOD

Have the link to the VOD?

Description

Time

  • Played on: July 7, 2025, 12:04 p.m.
  • Length: 9:10
Show
View Real Time Build Order
Export as new Build Order

Fairespiter Protoss 

Build Orders: 1 Gate Expand, Mass Adepts 

Get SALT Encoding   

  12  0:00  Probe  
  13  0:12  Probe  
  14  0:18  Pylon  
  14  0:24  Probe  
  15  0:34  Probe  
  15  0:39  Gateway  
  16  0:43  Probe  
  16  0:48  Assimilator  
  17  0:52  Probe  
  18  1:04  Probe  
  19  1:17  Probe  
  20  1:24  Nexus  
  20  1:35  Cybernetics Core  
  20  1:39  Probe  
  21  1:44  Assimilator  
  21  1:51  Probe  
  21  1:53  Pylon  
  22  2:01  Adept  
  22  2:03  Probe  
  25  2:16  Stargate  
  25  2:19  Probe  
  26  2:27  Warp Gate  
  26  2:31  Adept  
  26  2:32  Probe  
  29  2:37  Probe  
  29  2:40  Probe  
  30  2:49  Probe  
  30  2:50  Probe  
  33  3:00  Void Ray  
  33  3:02  Probe  
  33  3:05  Probe  
  39  3:14  Probe  
  39  3:17  Probe  
  41  3:24  Gateway  
  41  3:26  Probe  
  42  3:27  Twilight Council  
  42  3:29  Probe  
  42  3:34  Pylon  
  43  3:38  Probe  
  44  3:41  Probe  
  44  3:47  Gateway x2, Resonating Glaives  
  45  3:54  Gateway  
  45  4:03  Gateway  
  45  4:15  Adept  
  47  4:22  Adept  
  49  4:24  Pylon  
  49  4:26  Pylon  
  49  4:36  Adept  
  51  4:41  Robotics Facility  
  51  4:43  Adept x3  
  57  4:52  Adept  
  59  4:54  Probe x2  
  61  5:00  Pylon, Adept x2  
  61  5:01  Pylon  
  61  5:04  Adept x2  
  69  5:13  Pylon  
  69  5:17  Probe, Assimilator  
  69  5:18  Probe  
  69  5:21  Assimilator  
  71  5:22  Pylon  
  71  5:25  Pylon  
  71  5:28  Observer  
  72  5:29  Probe  
  72  5:30  Probe  
  74  5:36  Sentry  
  74  5:37  Sentry  
  74  5:41  Pylon, Probe  
  74  5:42  Pylon  
  79  5:43  Probe  
  79  5:46  Immortal  
  80  5:52  Pylon  
  80  5:53  Pylon  
  84  6:01  Pylon  
  84  6:15  Immortal  
  84  6:25  Sentry x2  
  92  6:27  Sentry  
  92  6:36  Pylon  
  92  6:37  Pylon, Sentry  
  94  6:41  Pylon  
  94  6:44  Warp Prism  
  82  6:59  Sentry x2  
  80  7:03  Sentry  
  82  7:09  Pylon  
  82  7:10  Pylon  
  82  7:13  Immortal  
  80  7:19  Adept x3  
  90  7:23  Adept  
  90  7:24  Adept  
  90  7:26  Adept  
  96  7:40  Adept x3  
  102  7:45  Adept x2  
  106  8:05  Adept x6  
  118  8:43  Adept x6  
Show
View Real Time Build Order
Export as new Build Order

IA (Muy fácil) 2 Zerg - Winner!

Build Orders: Pool First 

Get SALT Encoding   

  12  0:01  Drone  
  13  0:12  Overlord  
  13  0:17  Drone  
  14  0:34  Spawning Pool  
  13  0:37  Drone  
  13  0:41  Extractor  
  13  0:44  Drone  
  14  0:51  Overlord  
  14  1:21  Zergling x2  
  14  1:23  Queen  
  17  1:30  Roach Warren  
  16  1:34  Drone  
  16  1:37  Extractor  
  16  1:40  Zergling x2  
  16  1:41  Drone  
  18  1:55  Drone  
  18  2:00  Zergling x2  
  20  2:06  Drone  
  21  2:17  Drone  
  22  2:27  Drone  
  22  2:29  Overlord  
  23  2:34  Drone  
  24  2:42  Drone  
  25  4:17  Zergling x2  
  25  5:54  Overlord, Drone, Lair, Roach  
  28  6:01  Drone  
  29  6:08  Drone  
  18  6:15  Drone  
  14  6:22  Zergling x2  
  14  6:23  Drone  
  15  6:30  Drone  
  16  6:37  Drone  
  17  6:44  Drone  
  18  6:51  Drone  
  18  6:52  Overseer  
  18  6:53  Overseer, Queen  
  21  6:58  Drone  
  22  7:05  Roach  
  22  7:06  Drone  
  25  7:13  Drone  
  24  7:20  Drone  
  25  7:27  Drone  
  26  7:34  Drone  
  27  7:41  Drone  
  28  7:48  Drone, Roach  
  31  7:56  Drone  
  32  8:00  Hatchery  
  32  8:03  Drone  
  32  8:15  Drone  
  32  8:16  Zergling x2  
  28  8:26  Drone  
  16  8:34  Overseer  
  16  8:37  Drone  
  3  8:44  Drone  
  3  8:45  Roach  
  6  8:51  Drone  
Tags
 
Composition
Mass Adepts
League
Master
Matchup
PvZ
Spawn Locations
Cross Positions
Add a new tag
Caveats
  • Supply blocks, unpowered buildings, or Contaminate may cause inaccurate times.
  • Supply counts are checked every 10 seconds.